 Dungeon Crawl Stone Soup version 0.22-a0-422-g9628fc87f1 (webtiles) character file.

44 JackS81 the Insei (level 3, 0/29 HPs)
             Began as a Demonspawn Monk on May 21, 2018.
             Succumbed to a worker ant's poison
             ... on level 2 of the Dungeon.
             The game lasted 00:02:44 (386 turns).

JackS81 the Insei (Demonspawn Monk)                  Turns: 386, Time: 00:02:44

Health: 0/29       AC:  2    Str: 11    XL:     3   Next: 41%
Magic:  3/3        EV: 14    Int: 11    God:
Gold:   40         SH:  0    Dex: 16    Spells: 2/2 levels left

rFire    . . .     SeeInvis .     - Unarmed
rCold    . . .     Gourm    .   (no shield)
rNeg     . . .     Faith    .   a - +0 robe
rPois    .         Spirit   .   (no helmet)
rElec    .         Reflect  .   (no cloak)
rCorr    .         Harm     .   (no gloves)
MR       .....                  (no boots)
Stlth    ++........             (no amulet)
HPRegen  0.09/turn              (no ring)
MPRegen  0.08/turn              (no ring)

@: lethally poisoned (0 -> -8)
A: claws 1
a: no special abilities


You were on level 2 of the Dungeon.
You were not hungry.

You visited 1 branch of the dungeon, and saw 2 of its levels.

You collected 40 gold pieces.

Inventory:

Armour
 a - a +0 robe (worn)
Scrolls
 d - a scroll of magic mapping {unknown}
 e - 2 scrolls of enchant armour {unknown}
 f - a scroll of identify {unknown}
 g - 2 scrolls of remove curse {unknown}
 h - a scroll of amnesia {unknown}
Potions
 i - a potion of curing {unknown}
Comestibles
 b - 2 rations
 c - a chunk of flesh


   Skills:
 - Level 3.0 Fighting
 * Level 3.3 Dodging
 - Level 1.7 Stealth
 * Level 3.5 Unarmed Combat


You had 2 spell levels left.
You didn't know any spells.
Your spell library was empty.

Dungeon Overview and Level Annotations

Branches:
Dungeon (2/15)

Altars:


Innate Abilities, Weirdness & Mutations

You have sharp fingernails.


Message History

You scratch the worker ant but do no damage.
The worker ant is severely wounded.
The worker ant closely misses you.
You closely miss the worker ant.
The worker ant is severely wounded.
You feel sick. The worker ant closely misses you.
You closely miss the worker ant.
The worker ant is severely wounded.
The worker ant bites you.
* * * LOW HITPOINT WARNING * * *
You are lethally poisoned!
The worker ant poisons you!
You barely miss the worker ant.
The worker ant is severely wounded.
* * * LOW HITPOINT WARNING * * *
You feel sick. The worker ant bites you!
* * * LOW HITPOINT WARNING * * *
You scratch the worker ant.
The worker ant is almost dead.
You die...

#...............#
#.###############
#.# #.# #.# #.#
#.# #.######...
#..@a......
########...


You could see a worker ant.

Vanquished Creatures
  Natasha (D:2)
  A dart slug (D:1)
  A leopard gecko (D:1)
  A bat (D:1)
  A giant cockroach (D:1)
  A goblin (D:1)
  2 hobgoblins
  2 ball pythons (D:1)
  3 frilled lizards (D:1)
  3 kobolds (D:1)
  2 rats (D:1)
18 creatures vanquished.

Notes
Turn   | Place    | Note
-------+----------+-------------------------------------------
     0 | D:1      | JackS81 the Demonspawn Monk began the quest for the Orb.
     0 | D:1      | Reached XP level 1. HP: 18/18 MP: 1/1
    80 | D:1      | Gained mutation: You have sharp fingernails. [demonic ancestry]
    80 | D:1      | Reached XP level 2. HP: 15/24 MP: 2/2
   335 | D:2      | Noticed Natasha
   339 | D:2      | Killed Natasha
   339 | D:2      | Reached XP level 3. HP: 20/29 MP: 3/3
   385 | D:2      | HP: 1/29 [worker ant (7)]
   386 | D:2      | Succumbed to a worker ant's poison

Vault maps used:
D:1:      grunt_arrival_lava_bath, hex_tiny, minmay_surrounded
D:2:      nemelex_dance_club_becter, uniq_natasha

Skill      XL: |  1 |
---------------+----+-----
Unarmed Combat | 3 |  3.5
Dodging        | 3 |  3.3
Fighting       | |  3.0
Stealth        | |  1.7

Action                   || total
-------------------------++-------
Melee: Unarmed           ||    53
 Stab: Sleeping          ||     2
Armor: Robe              ||    11
Dodge: Dodged            ||    33

Table legend:
 A = Spawn XP
 B = Non-spawn XP
 C = Spawn XP percentage of total XP
 D = Spawn monster count
 E = Non-spawn monster count
 F = Spawn count percentage of total count
 G = Total turns spent on level
                    A         B        C        D         E        F      G
               +---------+---------+-------+---------+---------+-------+---------
         Total |       0 |      64 |   0.0 |       0 |      18 |   0.0 |   386
               +---------+---------+-------+---------+---------+-------+---------
           D:1 |       0 |      25 |   0.0 |       0 |      16 |   0.0 |   335
           D:2 |       0 |      39 |   0.0 |       0 |       2 |   0.0 |    51
               +---------+---------+-------+---------+---------+-------+---------
